 Dungeon Crawl Stone Soup version 0.31-a0-543-geaa9c7a2c0 (webtiles) character file.

Game seed: 4818075461595397150

14 GordonOverkill the Sneak (level 2, -9/16 HPs)
             Began as a Vine Stalker Delver on Aug 15, 2023.
             Mangled by a mummy (12 damage)
             ... in an ossuary.
             The game lasted 00:00:54 (71 turns).

GordonOverkill the Sneak (Vine Stalker Delver)        Turns: 71, Time: 00:00:55

Health: -9/16      AC:  3    Str: 14    XL:     2   Next: 45%
Magic:  0/3        EV: 11    Int: 10    God:
Gold:   13         SH:  0    Dex: 15    Spells: 1/1 levels left

rFire   . . .        a - +0 short sword
rCold   . . .        (no shield)
rNeg    . . .        b - +0 leather armour
rPois   .            (no helmet)
rElec   .            (no cloak)
rCorr   .            (no gloves)
SInv    .            (no boots)
Will    .....        (no amulet)
Stlth   +++          (no ring)
HPRegen 0.22/turn    (no ring)
MPRegen 0.08/turn

%: guardian spirit
@: hasted, very quick
A: fangs 2, magic shield, antimagic bite, no potion heal 2
a: no special abilities


You were in an ossuary.
You visited 1 branch of the dungeon, and saw 4 of its levels.
You also visited: Ossuary.

You collected 13 gold pieces.

Inventory:

Hand Weapons
 a - a +0 short sword (weapon)
Armour
 b - a +0 leather armour (worn)
Wands
 g - a wand of digging (3)
Scrolls
 c - a scroll of fog
 d - a scroll of revelation
 e - a scroll of fear
 h - a scroll of vulnerability {unknown}


   Skills:
 - Level 3.0 Fighting
 + Level 2.4 Short Blades
 - Level 1.5 Dodging
 - Level 6.0 Stealth


You had one spell level left.
You didn't know any spells.
Your spell library was empty.

Dungeon Overview and Level Annotations

Branches:
Dungeon (6/15)            Ossuary (1/1)
 Temple: D:4-7

Altars:

Shops:
D:4 [


Innate Abilities, Weirdness & Mutations

You have extremely sharp teeth.
When hurt, damage is shared between your health and your magic reserves.
Your bite disrupts and absorbs the magic of your enemies.
Potions cannot restore your health.


Message History

Ouch! That really hurt!
* * * LOW HITPOINT WARNING * * *
You hit the mummy. You bite the mummy. You drain its power.
You feel invigorated.
The mummy is severely damaged.
You barely miss the mummy. You bite the mummy. You drain its power.
You feel invigorated.
The mummy is almost destroyed.
The mummy misses you.
You hit the mummy but do no damage. You bite the mummy. You drain its power.
The mummy is almost destroyed.
The mummy closely misses you.
You barely miss the mummy.
The mummy is almost destroyed.
You hit the mummy but do no damage. You bite the mummy. You drain its power.
The mummy is almost destroyed.
You hit the mummy but do no damage. You bite the mummy.
You destroy the mummy!
The mummy closely misses you.
Training target 3.0 for Fighting reached!
Your Fighting skill increases to level 3!
Your Short Blades skill increases to level 2!
You have reached level 2!
Unknown command.
Unknown command.
Unknown command.
You hit the mummy.
The mummy is moderately damaged.
You hit the mummy but do no damage. You bite the mummy, but do no damage.
The mummy is moderately damaged.
You hit the mummy but do no damage.
The mummy is moderately damaged.
The mummy closely misses you.
You hit the mummy but do no damage. You bite the mummy. You drain its power.
The mummy is moderately damaged.
You hit the mummy. You bite the mummy. You drain its power.
The mummy is heavily damaged.
The mummy hits you!
Ouch! That really hurt!
You die...

#.+ +.#
#.+ #.##
+.'
#####M###
#∩..#.'.#
#.∩M'.#
#.@.#.+
#####~#
~.+ #+#


You could see a mummy.

Vanquished Creatures
  A mummy (Ossuary)
1 creature vanquished.

Notes
Turn   | Place    | Note
-------+----------+-------------------------------------------
     0 | D:5      | GordonOverkill the Vine Stalker Delver began the quest for
                  | the Orb.
     0 | D:5      | Reached XP level 1. HP: 11/11 MP: 2/2
     2 | D:4      | Found Jobry's Armour Boutique.
    29 | D:6      | Noticed an iguana
    38 | D:6      | Noticed a killer bee
    41 | D:6      | Found a sand-covered staircase.
    46 | Ossuary  | Entered an ossuary
    67 | Ossuary  | Reached XP level 2. HP: 2/16 MP: 3/3
    71 | Ossuary  | Mangled by a mummy

Illustrated notes

Levels and vault maps discovered:
D:3:      layout_basic, yredelemnul_altar_generic, lemuel_blue_sif_altar,
          serial_bayou, serial_bayou_shore_a, serial_bayou_ford_a,
          serial_bayou_shore_b, serial_bayou_pond_a, serial_bayou_lagoon_a,
          serial_bayou_pond_e, serial_shops, shop
D:4:      layout_gridville, serial_shops, kennysheep_mini_moat,
          nicolae_stop_n_shop_2, shop, kennysheep_little_box, serial_park_tiny_1
D:5:      layout_basic, trog_butcher_becter, evilmike_ruin_ashenzari,
          st_stairs_12
D:6:      cheibrodos_fzero, layout_loops_corners, minmay_temple_entry_fiery,
          portal_sewer_entry_e, enter_ossuary_5, chequers_avenue
Ossuary:  ossuary_zaba_flooded

Skill      XL: |  1 |
---------------+----+-----
Fighting       | 3 |  3.0
Short Blades   | 2 |  2.4
Dodging        | |  1.5
Stealth        | |  6.0

Action                     || total
---------------------------++-------
  Melee: Short sword       ||    16
         Bite              ||    11
    Use: Potion            ||     1
  Dodge: Dodged            ||     5

Table legend: (Time is in decaauts)
 A = Elapsed time spent in this place.
 B = Non-inter-level travel time spent in this place.
 C = Inter-level travel time spent in this place.
 D = Time resting spent in this place.
 E = Time spent auto-exploring this place.
 F = Levels seen in this place.
 G = Mean time per level.
                   A        B        C        D        E       F      G
               +--------+--------+--------+--------+--------+-----+--------+
         Total |     64 |     64 |      0 |      0 |      0 |   5 |   12.8 |
       Dungeon |     46 |     46 |      0 |      0 |      0 |   4 |   11.5 |
       Ossuary |     18 |     18 |      0 |      0 |      0 |   1 |   18.0 |
               +--------+--------+--------+--------+--------+-----+--------+

Top non-repeatable levels by time:
     D:4: 22 daAuts
 Ossuary: 18 daAuts
     D:6: 16 daAuts
     D:5: 5 daAuts
     D:3: 1 daAuts
